 Dungeon Crawl Stone Soup version 0.30.0-29-ga12c61a403 (webtiles) character file.

Game seed: 6776750185393958687

18036 Heoruswealwe the Eclecticist (level 12, -2/59 HPs)
             Began as a Deep Elf Earth Elementalist on June 6, 2023.
             Was a High Priest of Vehumet.
             Engulfed by an ice statue's freezing vapour (8 damage)
             ... in an ice cave on June 8, 2023.
             The game lasted 03:35:06 (9022 turns).

Heoruswealwe the Eclecticist (DEEE)                 Turns: 9022, Time: 03:35:07

Health: -2/59      AC:  8    Str:  5    XL:     12   Next: 24%
Magic:  16/45      EV: 12    Int: 32    God:    Vehumet [*****.]
Gold:   57         SH:  0    Dex: 15    Spells: 32/47 levels left

rFire   + . .        b - +10 mace "Tykkoaf" {flame, MP+9}
rCold   + + .        (no shield)
rNeg    . . .        c - +0 steam dragon scales
rPois   .            (no helmet)
rElec   +            h - scarf {rC+ rF+}
rCorr   +            f - +0 pair of gloves
SInv    .            e - +1 pair of boots
Will    +....        i - amulet of regeneration
Stlth   +            k - ring of wizardry
HPRegen 1.09/turn    j - ring of the Past {Drain rElec rC+ rCorr Int+6}
MPRegen 0.29/turn

%: wizardry (x1)
@: confused, ambrosia-drunk, slowed, very slow
A: no striking features
a: Renounce Religion


You were in an ice cave.
You worshipped Vehumet.
Vehumet was extremely pleased with you.
You visited 2 branches of the dungeon, and saw 13 of its levels.
You also visited: Sewer, Ossuary and Ice Cave.

You collected 727 gold pieces.
You spent 670 gold pieces at shops.

Inventory:

Hand Weapons
 b - the +10 mace "Tykkoaf" (weapon) {flame, MP+9}
   (You found it on level 2 of the Dungeon)

   MP:        It affects your magic capacity (+9).
 m - the +4 morningstar "Ris Soynin" {drain, Fragile rCorr Str+6 SInv}
   (You found it on level 11 of the Dungeon)

   Str:       It affects your strength (+6).
   SInv:      It lets you see invisible.
   rCorr:     It protects you from acid and corrosion.
   Fragile:   It will be destroyed if unequipped.
 F - a +0 arbalest
Armour
 c - +0 steam dragon scales (worn)
 e - a +1 pair of boots (worn)
 f - a +0 pair of gloves (worn)
 h - a scarf of resistance (worn)
 y - +0 shadow dragon scales
Magical Staves
 r - a staff of poison
Jewellery
 i - an amulet of regeneration (around neck)
 j - the ring of the Past (right hand) {Drain rElec rC+ rCorr Int+6}
   (You bought it in a shop on level 7 of the Dungeon)

   [ring of protection from cold]

   Int:       It affects your intelligence (+6).
   rC:        It protects you from cold.
   rElec:     It insulates you from electricity.
   rCorr:     It protects you from acid and corrosion.
   Drain:     It drains your maximum health when unequipped.
 k - a ring of wizardry (left hand)
 l - a ring of poison resistance
Wands
 q - a wand of paralysis (22)
 t - a wand of polymorph (19)
 A - a wand of roots (27)
 I - a wand of acid (19)
 M - a wand of mindburst (33)
Scrolls
 s - 3 scrolls of enchant weapon
 v - 3 scrolls of brand weapon
 x - 3 scrolls of magic mapping
 z - 3 scrolls of teleportation
 G - 2 scrolls of amnesia {unknown}
 J - a scroll of enchant armour {unknown}
Potions
 a - 5 potions of curing
 d - a potion of might
 g - 3 potions of magic
 n - a potion of flight
 p - 2 potions of brilliance {unknown}
 w - a potion of resistance {unknown}
 B - 3 potions of mutation
 C - 2 potions of lignification {unknown}
 D - a potion of berserk rage {unknown}
 E - 3 potions of haste {unknown}
 H - a potion of experience {unknown}
 K - 10 potions of ambrosia


   Skills:
 - Level 2.4 Dodging
 - Level 2.4 Stealth
 + Level 18.4 Spellcasting
 - Level 1.1 Transmutations
 + Level 15.8 Earth Magic


You had 32 spell levels left.
You knew the following spells:

 Your Spells              Type           Power      Damage    Failure   Level
a - Sandblast             Erth           100%       2d20      0%          1
b - Stone Arrow           Conj/Erth      100%       3d13      1%          3
c - Petrify               Tmut/Erth      70%        N/A       1%          4
d - Lee's Rapid Deconstr  Erth           46%        3d22*     1%          5
z - Passwall              Tmut/Erth      58%        N/A       1%          2

Your spell library contained the following spells:

 Spells                   Type           Power      Damage    Failure   Level
 Olgreb's Toxic Radiance  Pois           29%        N/A       1%          4
 Magic Dart               Conj           100%       1d8       1%          1
 Ensorcelled Hibernation  Hex/Ice        58%        N/A       1%          2
 Searing Ray              Conj           58%        2d6       1%          2
 Frozen Ramparts          Ice            58%        1d9       1%          3
 Ozocubu's Armour         Ice            29%        N/A       1%          3
 Spider Form              Tmut/Pois      32%        N/A       1%          3
 Fulminant Prism          Conj/Hex       14%        3d9       1%          4
 Ice Form                 Ice/Tmut       32%        N/A       4%          4
 Anguish                  Hex/Necr       14%        N/A       5%          4
 Summon Ice Beast         Ice/Summ       29%        N/A       5%          4
 Metabolic Englaciation   Hex/Ice        14%        N/A       14%         5
 Simulacrum               Ice/Necr       14%        N/A       58%         6
 Ozocubu's Refrigeration  Ice            14%        4d10      65%         7


Dungeon Overview and Level Annotations

Branches:
Dungeon (12/15)            Temple (1/1) D:7            Lair (0/5) D:10
    Orc (0/2) D:11          Sewer (visited)         Ossuary (visited)
  IceCv (1/1)

Altars:
Ashenzari
Cheibriados
Dithmenos
Elyvilon
Fedhas
Gozag
Hepliaklqana
Kikubaaqudgha
Makhleb
Nemelex Xobeh
Okawaru
Qazlal
Ru
Sif Muna
Trog
Uskayaw
Vehumet
Wu Jian
Xom
Yredelemnul
Zin
The Shining One

Shops:
D:6 (   D:7 =

Portals:
Gauntlet: D:12

Annotations:
IceCv 1 transporter, exclusion: 2 ice statues


Message History

The freezing wraith completely misses you.
The freezing wraith hits you! The freezing wraith drains your vigour!
You feel yourself slow down.
Press: ? - help, v - describe, . - travel
Here: a freezing wraith The floor.
Casting: Stone Arrow (safe; 1% risk of failure)
Confirm with . or Enter, or press ? or * to list all spells.
You can't see any susceptible monsters within range! (Use Z to cast anyway.)
Casting: Stone Arrow (safe; 1% risk of failure)
Confirm with . or Enter, or press ? or * to list all spells.
Aiming: Stone Arrow (safe; 1% risk of failure)
Press: ? - help, Shift-Dir - straight line, f - freezing wraith
Aim: a freezing wraith (78% to hit)
The stone arrow hits the freezing wraith!!
The freezing wraith is heavily damaged.
The freezing wraith misses you. The freezing wraith hits you!
The ice statue gestures at you. The bolt of cold hits you! You resist.
The ice statue glitters chillingly in the dim dungeon light.
The freezing wraith hits you. The freezing wraith freezes you. You resist.
The freezing wraith misses you.
Casting: Stone Arrow (safe; 1% risk of failure)
Confirm with . or Enter, or press ? or * to list all spells.
Aiming: Stone Arrow (safe; 1% risk of failure)
Press: ? - help, Shift-Dir - straight line, f/p - freezing wraith
Aim: a freezing wraith (heavily damaged, 78% to hit)
The stone arrow hits the freezing wraith!
The freezing wraith is severely damaged.
The freezing wraith hits you!
* * * LOW HITPOINT WARNING * * *
The freezing wraith freezes you. You resist.
* * * LOW HITPOINT WARNING * * *
The freezing wraith barely misses you. The ice statue gestures at you.
The freezing blast engulfs you! You resist.
* * * LOW HITPOINT WARNING * * *
You are confused.
You feel invigorated.
You are engulfed in freezing vapours.
You resist.
You die...

##...........##
#.............#
#....8...8....#
#.............#
##....([)....##
#...[.©.....#
##...8©8...##
###########
#8.☼@☼.8#
#8.○○○W☼.8#
#8..☼.○....8#
#.....?|?.....#
#∩..8.$:!.8..©#
###############


You could see 2 ice statues and a freezing wraith.

Vanquished Creatures
  Erolcha (D:10)
  The ghost of purpleHaze the Nimble, a journeyman HuHu (D:7)
  A centaur warrior (D:10)
  A boulder beetle (D:12)
  3 two-headed ogres
  2 cyclopes
  A manticore (D:11)
  2 ugly things
  Maurice (D:10)
  Maggie (D:7)
  2 gargoyles
  2 rime drakes (D:12)
  A komodo dragon (D:11)
  3 trolls (D:10)
  A queen bee (D:10)
  Grinder (Sewer)
  A hornet (D:7)
  2 shadows
  2 wraiths (D:11)
  2 wyverns
  3 yaks (D:10)
  A vampire (D:11)
  2 steam dragons
  A death yak simulacrum (IceCv)
  3 vampire mosquitoes (D:9)
  An acid dragon (D:9)
  A hydra simulacrum (IceCv)
  6 water moccasins
  3 ice beasts
  4 orc warriors
  2 ogres
  3 black bears
  4 wolves (D:10)
  2 centaurs
  A phantom (D:4)
  6 kobold brigands
  A cane toad simulacrum (IceCv)
  2 gnoll sergeants
  5 scorpions
  A bullfrog (D:8)
  A necrophage (Sewer)
  8 wights
  24 killer bees
  An elephant simulacrum (IceCv)
  4 electric eels (D:10)
  4 howler monkeys
  2 centaur zombies (Ossuary)
  5 hounds
  2 human zombies (Ossuary)
  A jelly (D:8)
  2 orc priests
  2 gnoll boudas
  4 iguanas
  A sleepcap (D:5)
  Natasha (thrice) (D:2)
  4 orc wizards
  A wolf simulacrum (IceCv)
  5 mummies (Ossuary)
  20 gnolls
  6 adders
  5 shadow imps
  2 white imps
  4 ufetubi
  5 worms
  A dart slug (D:1)
  16 orcs
  7 ball pythons
  4 bats
  11 endoplasms
  2 giant cockroaches
  A gnoll zombie (Ossuary)
  6 goblins
  4 hobgoblins
  45 kobolds
  4 quokkas
  3 frilled lizards
  A giant cockroach zombie (Sewer)
  2 hobgoblin zombies (Ossuary)
  3 kobold zombies (Sewer)
  An orc zombie (Ossuary)
  A quokka zombie (D:5)
  5 rats
  A rat zombie (D:5)
  A spectral hobgoblin (D:6)
318 creatures vanquished.

Vanquished Creatures (others)
  4 killer bees (D:10)
4 creatures vanquished.

Grand Total: 322 creatures vanquished

Notes
Turn   | Place    | Note
-------+----------+-------------------------------------------
     0 | D:1      | Heoruswealwe the Deep Elf Earth Elementalist began the
                  | quest for the Orb.
     0 | D:1      | Reached XP level 1. HP: 10/10 MP: 6/6
    85 | D:1      | Reached XP level 2. HP: 15/15 MP: 0/8
    88 | D:1      | Learned a level 2 spell: Passwall
   636 | D:1      | Reached skill level 4 in Spellcasting
   856 | D:2      | Identified the +10 mace "Tykkoaf" {flame, MP+9}
   878 | D:2      | Noticed Natasha
   882 | D:2      | Killed Natasha
   883 | D:2      | Reached XP level 3. HP: 19/19 MP: 10/10
   887 | D:2      | Learned a level 3 spell: Stone Arrow
   947 | D:2      | Noticed Natasha
   952 | D:2      | Killed Natasha
   953 | D:2      | Reached XP level 4. HP: 24/24 MP: 12/12
  1015 | D:2      | Found a radiant altar of Vehumet.
  1021 | D:2      | Became a worshipper of Vehumet
  1029 | D:2      | Noticed Natasha
  1032 | D:2      | Killed Natasha
  1033 | D:2      | Reached skill level 5 in Spellcasting
  1141 | D:2      | Reached skill level 5 in Earth Magic
  1142 | D:2      | Reached XP level 5. HP: 18/28 MP: 15/15
  1495 | D:1      | Learned a level 4 spell: Petrify
  1901 | D:3      | Found a faded altar of an unknown god.
  2314 | D:3      | Reached skill level 6 in Spellcasting
  2352 | D:3      | Reached * piety under Vehumet
  2352 | D:3      | Offered knowledge of Freeze by Vehumet.
  2555 | D:4      | Noticed a phantom
  2560 | D:4      | Killed a phantom
  2561 | D:4      | Reached XP level 6. HP: 32/32 MP: 17/17
  2574 | D:4      | Found a basalt altar of Yredelemnul.
  2859 | D:4      | Found an ornate altar of the Wu Jian Council.
  3122 | D:5      | Entered Level 5 of the Dungeon
  3133 | D:5      | Reached skill level 7 in Spellcasting
  3134 | D:5      | Noticed a water moccasin
  3140 | D:5      | Killed a water moccasin
  3141 | D:5      | Reached XP level 7. HP: 13/36 MP: 19/20
  3262 | D:5      | Found a sand-covered staircase.
  3274 | Ossuary  | Entered an ossuary
  3317 | Ossuary  | Reached skill level 8 in Spellcasting
  3390 | Ossuary  | Offered knowledge of Poisonous Vapours by Vehumet.
  3396 | Ossuary  | Reached ** piety under Vehumet
  3499 | D:5      | Found a white marble altar of Elyvilon.
  3561 | D:5      | Reached skill level 9 in Spellcasting
  3662 | D:5      | Reached XP level 8. HP: 41/41 MP: 23/23
  3864 | D:6      | Found Nueq's Antique Weapon Boutique.
  3874 | D:6      | Reached skill level 10 in Spellcasting
  3990 | D:6      | Found a glowing drain.
  4020 | Sewer    | Entered a sewer
  4061 | Sewer    | Offered knowledge of Dazzling Flash by Vehumet.
  4137 | Sewer    | Reached *** piety under Vehumet
  4148 | Sewer    | Found an ancient bone altar of Kikubaaqudgha.
  4156 | Sewer    | Reached skill level 11 in Spellcasting
  4192 | Sewer    | Noticed Grinder
  4200 | Sewer    | Killed Grinder
  4201 | Sewer    | Reached XP level 9. HP: 36/45 MP: 26/26
  4343 | D:6      | Noticed a two-headed ogre
  4358 | D:6      | Killed a two-headed ogre
  4359 | D:6      | Reached skill level 12 in Spellcasting
  4359 | D:6      | Reached skill level 10 in Earth Magic
  4366 | D:6      | Offered knowledge of Volatile Blastmotes by Vehumet.
  4560 | D:6      | Found a hazy altar of Hepliaklqana.
  4940 | D:7      | Reached skill level 13 in Spellcasting
  5015 | D:7      | Noticed Maggie
  5029 | D:7      | Killed Maggie
  5029 | D:7      | Reached **** piety under Vehumet
  5034 | D:7      | Reached XP level 10. HP: 38/48 MP: 21/29
  5109 | D:7      | Found Kyepa's Jewellery Shoppe.
  5148 | D:7      | Found a runed translucent door.
  5148 | D:7      | Noticed purpleHaze's ghost (journeyman HuHu)
  5162 | D:7      | Killed purpleHaze's ghost
  5236 | D:7      | Reached skill level 14 in Spellcasting
  5242 | D:7      | Offered knowledge of Lee's Rapid Deconstruction by Vehumet.
  5249 | D:7      | Learned a level 5 spell: Lee's Rapid Deconstruction
  5280 | D:7      | Found a staircase to the Ecumenical Temple.
  5293 | Temple   | Entered the Ecumenical Temple
  5503 | D:7      | Found a bloodstained altar of Trog.
  6041 | D:9      | Found a shimmering altar of Xom.
  6168 | D:9      | Noticed a two-headed ogre
  6181 | D:9      | Killed a two-headed ogre
  6182 | D:9      | Reached skill level 15 in Spellcasting
  6226 | D:9      | Found a burning altar of Makhleb.
  6351 | D:9      | Found a transporter.
  6358 | D:9      | Found a transporter.
  6410 | D:9      | Found a transporter.
  6419 | D:9      | Found a transporter.
  6875 | D:10     | Entered Level 10 of the Dungeon
  6966 | D:10     | Noticed a two-headed ogre
  6970 | D:10     | Killed a two-headed ogre
  6971 | D:10     | Reached XP level 11. HP: 54/54 MP: 32/32
  6988 | D:10     | Reached ***** piety under Vehumet
  6993 | D:10     | Offered knowledge of Olgreb's Toxic Radiance by Vehumet.
  7047 | D:10     | Noticed Erolcha
  7051 | D:10     | Paralysed by Erolcha for 5 turns
  7056 | D:10     | Killed Erolcha
  7060 | D:10     | Reached skill level 16 in Spellcasting
  7165 | D:10     | HP: 2/54 [gargoyle/stone arrow (25)]
  7195 | D:10     | Noticed a centaur warrior
  7213 | D:10     | Killed a centaur warrior
  7347 | D:10     | Found a staircase to the Lair.
  7372 | D:10     | Noticed Maurice
  7380 | D:10     | Paralysed by Maurice for 2 turns
  7383 | D:10     | Killed Maurice
  7384 | D:10     | Reached skill level 17 in Spellcasting
  7552 | D:10     | Found a glowing golden altar of the Shining One.
  7568 | D:10     | Found a stormy altar of Qazlal.
  7958 | D:11     | Found a staircase to the Orcish Mines.
  7978 | D:11     | Reached skill level 15 in Earth Magic
  8383 | D:11     | Identified the +4 morningstar "Ris Soynin" {drain, Fragile
                  | rCorr Str+6 SInv}
  8554 | D:11     | Noticed a red ugly thing
  8569 | D:11     | Killed a red ugly thing
  8570 | D:11     | Reached XP level 12. HP: 59/59 MP: 18/35
  8745 | D:7      | Bought the ring of the Past {Drain rElec rC+ rCorr Int+6}
                  | for 670 gold pieces
  8797 | D:12     | Found a gate leading to a gauntlet.
  8803 | D:12     | Noticed a two-headed ogre
  8861 | D:12     | Reached skill level 18 in Spellcasting
  8906 | D:12     | Found a frozen archway.
  8907 | D:12     | Noticed a boulder beetle
  8944 | D:12     | Killed a boulder beetle
  8967 | IceCv    | Entered an ice cave
  8993 | IceCv    | Found a transporter.
  9015 | IceCv    | Found a transporter.
  9022 | IceCv    | Engulfed by an ice statue's freezing vapour

Illustrated notes

Levels and vault maps discovered:
D:1:      sevenhm_arrival_forest_fort_large_4, layout_basic,
          minmay_indecisive_spiral
D:2:      layout_loops_ring, basic_altar, uniq_natasha
D:3:      layout_basic, ebering_ecumenical_altar_hall
D:4:      layout_rooms, lemuel_crystal_altar, nicolae_wu_jian_wuxing_cycle
D:5:      black_bear_nest_1, layout_cave_pools, elyvilon_altar_1,
          enter_ossuary_4
D:6:      layout_basic, nicolae_hepliaklqana_monster_ancestors,
          cheibrodos_sewer_entry_bend, serial_shops, nicolae_shop_stone,
          minmay_fractal_squares_gapless_5
D:7:      layout_rooms, trog_antimagical, minmay_temple_entry_poolview,
          ebering_ghost_reflecting_pool, serial_shops, shop,
          hangedman_decor_push, uniq_maggie
D:8:      layout_rooms, chequers_serial_rivers_marsh
D:9:      layout_roguey, mainiacjoe_overflow_paths, kennysheep_mini_moat,
          nicolae_transporter_intersection
D:10:     layout_roguey [special_room_bee],
          chequers_temple_overflow_statue_of_worship, erik_lair_island,
          uniq_maurice, uniq_erolcha
D:11:     layout_cave_pods, orc_0_dummy
D:12:     layout_long_grid, gauntlet_entry_generic, portal_ice_cave_rime
Temple:   dshaligram_water_room_temple
IceCv:    ice_cave_statue_garden_transporter

Skill      XL: |  1  2  3  4  5  6  7  8  9 10 11 12 |
---------------+-------------------------------------+-----
Spellcasting   | 4 5 6 7 9 11 13 15 17 18 | 18.4
Earth Magic    | 4 5 6 8 9 11 13 15 | 15.8
Dodging        | |  2.4
Stealth        | |  2.4
Transmutations | |  1.1

Action                     |  1- 3 |  4- 6 |  7- 9 | 10-12 || total
---------------------------+-------+-------+-------+-------++-------
  Melee: Unarmed           |    19 |       |       |       ||    19
         Mace              |       |   199 |    13 |    12 ||   224
         Punch             |       |     9 |       |       ||     9
   Cast: Sandblast         |    42 |    80 |   169 |   226 ||   517
         Passwall          |     2 |     4 |       |     2 ||     8
         Stone Arrow       |       |       |     8 |    76 ||    84
         Lee's Rapid Decon |       |       |       |    20 ||    20
         Petrify           |       |       |       |    10 ||    10
    Use: Scroll            |       |       |     9 |    10 ||    19
         Potion            |       |       |     9 |    14 ||    23
   Stab: Sleeping          |       |       |       |     1 ||     1
 Armour: Robe              |     3 |     3 |     3 |       ||     9
         Steam dragon scal |       |       |       |    61 ||    61
  Dodge: Dodged            |    15 |    21 |    64 |   167 ||   267
